 Dungeon Crawl Stone Soup version 0.24-a0-251-g44e327ef01 (webtiles) character file.

Game seed: 9762722528241411321

485 Redear the Ducker (level 6, -4/31 HPs)
             Began as a Felid Fighter on Apr 16, 2019.
             Was an Initiate of Cheibriados.
             Slain by an orc wizard
             ... wielding a +0 dagger
              (5 damage)
             ... on level 6 of the Dungeon.
             The game lasted 00:15:04 (7412 turns).

Redear the Ducker (Felid Fighter)                   Turns: 7412, Time: 00:15:05

Health: -4/31      AC:  2    Str: 13    XL:     6   Next: 88%
Magic:  7/7        EV: 23    Int: 12    God:    Cheibriados [......]
Gold:   302        SH:  0    Dex: 17    Spells: 5/5 levels left
                                        Lives:  0   Deaths: 2

rFire    . . .     SeeInvis +     - Unarmed
rCold    . . .     Gourm    .   (shield unavailable)
rNeg     . . .     Faith    .   (armour unavailable)
rPois    .         Spirit   .   (helmet unavailable)
rElec    .         Reflect  .   (cloak unavailable)
rCorr    .         Harm     .   (gloves unavailable)
MR       .....                  (boots unavailable)
Stlth    ++++......             (no amulet)
HPRegen  0.10/turn              (no ring)
MPRegen  0.10/turn              (no ring)

@: slow
A: very small, no armour, no weapons or thrown items, stealth, claws 1, fangs 3,
see invisible, carnivore, speed 1, shaggy fur 2, slow metabolism 1, sharp paws
a: Bend Time, Renounce Religion


You were on level 6 of the Dungeon.
You worshipped Cheibriados.
Cheibriados was noncommittal.
You were not hungry.

You visited 2 branches of the dungeon, and saw 8 of its levels.

You collected 302 gold pieces.

Inventory:

Jewellery
 k - an uncursed ring of resist corrosion {unknown}
 n - a cursed ring of teleportation {unknown}
Wands
 b - a wand of random effects (39)
 I - a wand of iceblast (11)
Scrolls
 c - a scroll of teleportation {unknown}
 e - a scroll of enchant armour {unknown}
 g - 3 scrolls of fear {unknown}
 h - a scroll of enchant weapon {unknown}
 i - a scroll of blinking {unknown}
 j - a scroll of immolation {unknown}
 m - 2 scrolls of amnesia {unknown}
 N - 4 scrolls of remove curse {@r2}
 R - 3 scrolls of identify {@r1}
Potions
 a - 6 potions of might {Str+5 DMG+1d10 | @q3}
 d - 2 potions of berserk rage {unknown}
 f - a potion of agility {Stlth+ Dex+5 EV+5 | @q4}
 l - a potion of ambrosia {unknown}
 H - a potion of haste {@q5}
Comestibles
 z - 13 rations


   Skills:
 + Level 5.8 Fighting
 + Level 7.7 Dodging
 + Level 6.9 Stealth
 + Level 6.4 Unarmed Combat


You had 5 spell levels left.
You didn't know any spells.
Your spell library was empty.

Dungeon Overview and Level Annotations

Branches:
Dungeon (7/15)             Temple (1/1) D:6

Altars:
Ashenzari
Cheibriados
Dithmenos
Elyvilon
Fedhas
Gozag
Hepliaklqana
Kikubaaqudgha
Makhleb
Qazlal
Ru
Sif Muna
Uskayaw
Vehumet
Wu Jian
Yredelemnul
Zin
The Shining One

Shops:
D:4 =

Annotations:
D:4 exclusion: statue


Innate Abilities, Weirdness & Mutations

You cannot wear armour.
You are incapable of wielding weapons or throwing items.
Your paws allow you to move quietly. (Stealth)
You have sharp claws.
You have razor-sharp teeth.
You have supernaturally acute eyesight. (SInv)
You are carnivorous and can eat meat at any time.
You cover ground quickly.
You are covered in thick fur. (AC +2)
You have a slow metabolism.
Your sharp claws are effective at attacking unaware monsters.


Message History

The orc wizard points at you and mumbles some strange words.
The magic dart hits you.
* * * LOW HITPOINT WARNING * * *
You take 6 damage, and have 1/31 hp.
Unknown command.
You scratch the orc wizard.
The orc wizard is heavily wounded.
The orc wizard completely misses you.
The orc wizard hits you but does no damage.
Unknown command.
You barely miss the orc wizard.
The orc wizard is heavily wounded.
The orc wizard hits you with a +0 dagger.
* * * LOW HITPOINT WARNING * * *
You take 1 damage, and have 1/31 hp.
Unknown command.
You barely miss the orc wizard.
The orc wizard is heavily wounded.
The orc wizard hits you with a +0 dagger.
You die...

#############
##...........#
#.......####.#
#.......# #.#
####.......# #.#
#..........# #.#
#..........# #.#
#..........# #@#
##.......#######o#
................>#####
######.####..........#
######...............#
.....^...............#
.#####......###......#
.#####......# #......#
..........#.# #......#


You could see an orc wizard.

Vanquished Creatures
  Grinder (D:6)
  A black bear (D:6)
  An ogre (D:5)
  A centaur (D:6)
  A wyvern skeleton (D:6)
  2 scorpions
  A howler monkey (D:6)
  2 crimson imps
  Crazy Yiuf (D:3)
  A bullfrog skeleton (D:6)
  Ijyb (D:3)
  A centaur skeleton (D:4)
  Jessica (D:2)
  2 iguanas (D:4)
  An orc wizard (D:4)
  4 worker ants
  A hound skeleton (D:5)
  A worker ant zombie (D:6)
  Robin (D:3)
  3 gnolls (D:2)
  9 adders
  A shadow imp (D:6)
  An ooze (D:2)
  A worm (D:6)
  A dart slug (D:3)
  4 leopard geckos
  9 orcs
  12 bats
  A giant cockroach (D:4)
  13 goblins
  13 hobgoblins
  2 jackals (D:2)
  3 quokkas
  A ball python (D:1)
  5 frilled lizards
  3 kobolds
  5 rats
  A plant (D:5)
113 creatures vanquished.

Notes
Turn   | Place    | Note
-------+----------+-------------------------------------------
     0 | D:1      | Redear the Felid Fighter began the quest for the Orb.
     0 | D:1      | Reached XP level 1. HP: 10/10 MP: 2/2
   232 | D:1      | Reached skill level 1 in Stealth
   233 | D:1      | Reached XP level 2. HP: 7/14 MP: 3/3
  1021 | D:1      | Reached XP level 3. HP: 17/17 MP: 4/4
  1097 | D:2      | Reached skill level 2 in Stealth
  1352 | D:2      | Reached XP level 4. HP: 11/21 MP: 5/5
  1499 | D:2      | Noticed Jessica
  1506 | D:2      | Killed Jessica
  1527 | D:2      | Reached skill level 5 in Dodging
  1571 | D:2      | Reached skill level 3 in Stealth
  1613 | D:2      | Reached XP level 5. HP: 16/25 MP: 6/6
  2168 | D:3      | Noticed Robin
  2226 | D:3      | Killed Robin
  2226 | D:3      | Reached skill level 4 in Fighting
  2443 | D:3      | Noticed Ijyb
  2465 | D:3      | Paralysed by Ijyb for 6 turns
  2475 | D:3      | Killed Ijyb
  2755 | D:3      | Found a runed translucent door.
  2756 | D:3      | Noticed Crazy Yiuf
  2768 | D:3      | Killed Crazy Yiuf
  3155 | D:4      | Noticed an ogre
  3157 | D:4      | Found Mohoq's Jewellery Boutique.
  3170 | D:4      | Noticed an orc warrior
  3328 | D:4      | Found an ornate altar of the Wu Jian Council.
  3343 | D:4      | Reached skill level 4 in Stealth
  3422 | D:4      | Reached skill level 5 in Unarmed Combat
  3422 | D:4      | Gained mutation: You are covered in thick fur. (AC +2)
                  | [Felid growth]
  3422 | D:4      | Reached XP level 6. HP: 27/28 MP: 7/7
  4176 | D:4      | Found a radiant altar of Vehumet.
  4252 | D:4      | Reached skill level 6 in Dodging
  4254 | D:4      | Found an opulent altar of Gozag.
  4421 | D:5      | Entered Level 5 of the Dungeon
  4631 | D:5      | Reached skill level 5 in Stealth
  4637 | D:5      | Reached XP level 7. HP: 23/33 MP: 8/8
  5515 | D:5      | Reached skill level 5 in Fighting
  5948 | D:6      | Reached skill level 7 in Dodging
  5948 | D:6      | Reached skill level 6 in Stealth
  6016 | D:6      | Reached skill level 6 in Unarmed Combat
  6227 | D:6      | Reached XP level 8. HP: 14/37 MP: 9/9
  6432 | D:6      | Found a staircase to the Ecumenical Temple.
  6466 | Temple   | Entered the Ecumenical Temple
  6543 | Temple   | Became a worshipper of Cheibriados the Contemplative
  6729 | D:6      | Noticed Grinder
  6748 | D:6      | HP: 3/37 [Grinder (8)]
  6749 | D:6      | Slain by Grinder
  6750 | D:6      | Reached XP level 7. HP: 0/33 MP: 8/8
  6999 | D:6      | Paralysed by Grinder for 3 turns
  7001 | D:6      | HP: 1/33 [Grinder/nerve-wracking pain (8)]
  7002 | D:6      | Mangled by Grinder
  7003 | D:6      | Reached XP level 6. HP: -9/30 MP: 7/7
  7026 | D:6      | Killed Grinder
  7323 | D:6      | Found a deep blue altar of Sif Muna.
  7389 | D:7      | Noticed an orc warrior
  7391 | D:7      | Noticed an orc warrior
  7409 | D:6      | HP: 1/31 [orc wizard/magic dart (6)]
  7412 | D:6      | Slain by an orc wizard

Levels and vault maps discovered:
D:1:      dpeg_arrival_leaves_temple_mockup, layout_loops_corners
D:2:      layout_rooms, uniq_jessica
D:3:      layout_basic, first_ration, uniq_ijyb, uniq_robin,
          uniq_crazy_yiuf_cottage
D:4:      layout_rooms, vehumet_statue, marbit_many_paths, lemuel_crystal_altar,
          serial_shops, shop
D:5:      layout_basic, serial_bayou, serial_bayou_pond_b,
          serial_bayou_lagoon_a, serial_bayou_shore_a, serial_bayou_pond_b
D:6:      layout_basic, led_sif_pool, minmay_temple_entry_mini_moons,
          uniq_grinder
D:7:      layout_rooms, lemuel_coloured_pillars_altar
Temple:   eino_temple_lava

Skill      XL: |  1  2  3  4  5  6  7 |
---------------+----------------------+-----
Stealth        | 1 2 3 4 5 6 |  6.9
Dodging        | 5 6 7 |  7.7
Fighting       | 4 5 |  5.8
Unarmed Combat | 5 6 |  6.4

Action                   |  1- 3 |  4- 6 |  7- 9 || total
-------------------------+-------+-------+-------++-------
Melee: Unarmed           |    89 |   205 |   163 ||   457
       Bite              |     6 |    15 |    18 ||    39
       Punch             |     2 |     3 |     1 ||     6
  Use: Scroll            |     1 |     2 |       ||     3
       Potion            |     1 |     2 |     2 ||     5
 Stab: Sleeping          |     5 |    11 |     3 ||    19
       Distracted        |     1 |       |       ||     1
  Eat: Chunk             |       |     5 |    13 ||    18
Armor: Skin              |       |     9 |     7 ||    16
Dodge: Dodged            |    80 |   164 |    96 ||   340

Table legend:
 A = Non-vault XP
 B = Vault XP
 C = Vault XP percentage of total XP
 D = Non-vault monster count
 E = Vault monster count
 F = Vault count percentage of total count
                 A         B        C        D         E       F
            +---------+---------+-------+---------+---------+-------
      Total |    1365 |     443 |  24.5 |      98 |      14 |  12.5
            +---------+---------+-------+---------+---------+-------
        D:1 |      43 |       0 |   0.0 |      24 |       0 |   0.0
        D:2 |     118 |      37 |  23.9 |      24 |       1 |   4.0
        D:3 |      32 |     105 |  76.6 |      12 |       9 |  42.9
        D:4 |     273 |       0 |   0.0 |      10 |       0 |   0.0
        D:5 |     315 |      24 |   7.1 |      10 |       3 |  23.1
        D:6 |     581 |     277 |  32.3 |      17 |       1 |   5.6
        D:7 |       3 |       0 |   0.0 |       1 |       0 |   0.0
            +---------+---------+-------+---------+---------+-------
